 Dungeon Crawl Stone Soup version 0.18.1-6-gd335043 (webtiles) character file.

1311 oplop the Nimble (level 8, -5/39 HPs)
             Began as a Felid Berserker on May 17, 2016.
             Was an Elder of Trog.
             Slain by an orc
             ... wielding a cursed -1 trident
              (8 damage)
             ... on level 7 of the Dungeon.
             The game lasted 00:06:56 (4087 turns).

oplop the Nimble (Felid Berserker)                  Turns: 4087, Time: 00:06:57

Health: -5/39      AC:  2    Str: 13    XL:     8   Next: 32%
Magic:  8/8        EV: 25    Int:  9    God:    Trog [****..]
Gold:   62         SH:  0    Dex: 17    Spells: 0 memorised, 7 levels left
                                        Lives:  0   Deaths: 2

rFire  . . .     SeeInvis +       - Unarmed
rCold  . . .     Gourm    .     (armour unavailable)
rNeg   . . .     Faith    .     (shield unavailable)
rPois  .         Spirit   .     (helmet unavailable)
rElec  .         Dismiss  +     (cloak unavailable)
rCorr  .         Reflect  .     (gloves unavailable)
SustAt .         Harm     .     (boots unavailable)
MR     +++..     Rnd*Tele +     u - amulet of dismissal
Stlth  ++........               h - ring of loudness (curse)
                                m - +4 ring of slaying

@: exhausted, regenerating, slowed, slow, extremely resistant to hostile
enchantments, unstealthy
A: no armour, no weapons or thrown items, claws 1, fangs 3, see invisible,
carnivore 3, speed 1, low mp 1, shaggy fur 2, slow metabolism 1, teleportitis 1,
wild magic 1, sharp paws
a: Berserk, Trog's Hand, Brothers in Arms, Burn Spellbooks, Renounce Religion


You were on level 7 of the Dungeon.
You worshipped Trog.
Trog was greatly pleased with you.
You were very full.

You visited 1 branch of the dungeon, and saw 7 of its levels.
You also visited: Ossuary.

You collected 370 gold pieces.
You spent 308 gold pieces at shops.

Inventory:

Jewellery
 b - a +6 ring of dexterity
 h - a cursed ring of loudness (right paw)
 i - an uncursed ring of see invisible
 m - a +4 ring of slaying (left paw)
 r - a +6 ring of evasion {unknown}
 u - an amulet of dismissal (around neck)
 D - a +3 ring of intelligence {unknown}
Scrolls
 e - 2 scrolls of fear
 j - 3 scrolls of teleportation
 n - a scroll of fog {unknown}
 q - 2 scrolls of magic mapping {unknown}
 s - a scroll of enchant armour {unknown}
 v - 2 scrolls of amnesia {unknown}
 x - a scroll of remove curse {unknown}
 y - 2 scrolls of immolation {unknown}
Potions
 c - a potion of agility {unknown}
 d - 3 potions of haste
 g - 2 potions of magic {unknown}
 k - 2 potions of berserk rage
 l - 5 potions of curing
 o - 3 potions of heal wounds
 t - 4 potions of lignification
 w - a potion of invisibility {unknown}
 A - 2 potions of degeneration
 B - 2 potions of flight {unknown}
Comestibles
 a - 2 meat rations
 C - 8 chunks of flesh


   Skills:
 + Level 6.9 Fighting
 + Level 9.4 Dodging
 + Level 3.5 Stealth
 + Level 7.3 Unarmed Combat


You had 7 spell levels left.
You didn't know any spells.

Dungeon Overview and Level Annotations

Branches:
Dungeon (7/15)             Temple (0/1) D:4

Altars:
Ashenzari
Fedhas
Gozag
Kikubaaqudgha
Makhleb
Nemelex Xobeh
Pakellas
Sif Muna

Shops:
D:4 *   D:6 !

Annotations:
D:7 Pikel


Innate Abilities, Weirdness & Mutations

You cannot wear armour.
You are incapable of wielding weapons or throwing items.
You have sharp claws.
You have razor-sharp teeth.
You have supernaturally acute eyesight.
You are carnivorous and can eat meat at any time.
You cover ground quickly.
You are covered in thick fur (AC +2).
You have a slow metabolism.
Your sharp claws are effective at attacking unaware monsters.
Your magical capacity is low (-10% MP).
You are occasionally teleported next to monsters.
Your spells are a little harder to cast, but a little more powerful.


Message History

You are too injured to fight recklessly!
You are too injured to fight recklessly!
You are too injured to fight recklessly!
You are too injured to fight recklessly!
You scratch the slave.
The slave is heavily wounded.
The slave completely misses you.
The orc hits you with an enchanted trident.
* * * LOW HITPOINT WARNING * * *
You barely miss the slave.
The slave is heavily wounded.
The slave hits you.
* * * LOW HITPOINT WARNING * * *
Your amulet of dismissal vibrates suddenly!
The slave disappears!
The orc completely misses you.
Your skin crawls.
You feel resistant to hostile enchantments.
You feel slightly less full.
The orc hits you with an enchanted trident!
You die...

..............
.............
.........)..
........... .........)
?........# #########
......[o§#.##.......#
#####[@##.##.......####
#....).##.##.......'...
#.......#.##.......####
#.......#.##.......####
#.......#.##.......#...
#######...##...........
##..##...........
#.....########..
#..#..#....##...


You could see an orc.

Vanquished Creatures
  Edmund (D:6)
  An ice beast (D:7)
  3 slaves (D:7)
  A phantom (D:4)
  An ogre (D:4)
  A centaur (D:7)
  A giant frog (D:6)
  2 scorpions
  5 wights (D:6)
  A centaur zombie (Ossuary)
  A howler monkey (D:6)
  3 crimson imps
  A giant frog zombie (D:5)
  A giant frog skeleton (D:6)
  2 hounds
  4 orc priests
  2 jellies
  6 orc wizards
  3 worker ants
  A big kobold zombie (Ossuary)
  A hound zombie (D:5)
  4 mummies (Ossuary)
  9 adders
  2 shadow imps
  An ooze (D:5)
  An adder skeleton (D:4)
  3 worms
  3 dart slugs
  4 giant geckos
  21 orcs
  3 ball pythons
  7 bats
  2 giant cockroaches (D:1)
  A gnoll zombie (Ossuary)
  10 goblins
  6 hobgoblins
  11 jackals
  3 quokkas
  2 giant newts
  2 goblin zombies (Ossuary)
  A jackal zombie (D:6)
  12 kobolds
  3 orc zombies (Ossuary)
  4 rats
157 creatures vanquished.

Notes
Turn   | Place    | Note
--------------------------------------------------------------
     0 | D:1      | oplop the Felid Berserker began the quest for the Orb.
     0 | D:1      | Reached XP level 1. HP: 10/10 MP: 2/2
    92 | D:1      | Reached XP level 2. HP: 3/14 MP: 3/3
   303 | D:1      | Reached ** piety under Trog
   331 | D:1      | Reached XP level 3. HP: 9/17 MP: 4/4
   435 | D:1      | Reached skill level 5 in Dodging
   683 | D:2      | Found a burning altar of Makhleb.
   690 | D:2      | Reached XP level 4. HP: 21/21 MP: 5/5
   829 | D:2      | Found a shattered altar of Ashenzari.
   905 | D:2      | Found a deep blue altar of Sif Muna.
   924 | D:2      | Found a blossoming altar of Fedhas.
  1425 | D:3      | Reached *** piety under Trog
  1469 | D:3      | Reached XP level 5. HP: 25/25 MP: 6/6
  1586 | D:3      | Found an oddly glowing altar of Pakellas.
  1850 | D:3      | Reached skill level 6 in Dodging
  2022 | D:4      | Found Xaluz's General Store.
  2046 | D:4      | Bought 2 potions of curing for 84 gold pieces
  2046 | D:4      | Bought a scroll of teleportation for 42 gold pieces
  2046 | D:4      | Bought a potion of curing for 42 gold pieces
  2068 | D:4      | Found a staircase to the Ecumenical Temple.
  2070 | D:4      | Noticed an ogre
  2076 | D:4      | Killed an ogre
  2076 | D:4      | Gained mutation: You are covered in thick fur (AC +2). [Felid growth]
  2076 | D:4      | Reached XP level 6. HP: 29/29 MP: 7/7
  2137 | D:4      | Reached skill level 7 in Dodging
  2137 | D:4      | Reached skill level 5 in Unarmed Combat
  2643 | D:5      | Entered Level 5 of the Dungeon
  2719 | D:5      | Reached XP level 7. HP: 27/33 MP: 8/8
  2732 | D:5      | Found a sparkling altar of Nemelex Xobeh.
  2760 | D:5      | Reached skill level 5 in Fighting
  2925 | D:5      | Mangled by an ogre
  2926 | D:5      | Reached XP level 6. HP: -6/30 MP: 7/7
  3162 | D:5      | Reached **** piety under Trog
  3244 | D:6      | Found a sand-covered staircase.
  3250 | D:6      | Reached XP level 7. HP: 27/33 MP: 8/8
  3257 | D:6      | Slain by a scorpion
  3258 | D:6      | Reached XP level 6. HP: -2/45 MP: 7/7
  3258 | D:6      | Found Nemm's Distillery.
  3312 | D:6      | Reached skill level 8 in Dodging
  3395 | D:6      | Reached XP level 7. HP: 26/34 MP: 8/8
  3415 | D:6      | Bought a potion of heal wounds for 70 gold pieces
  3415 | D:6      | Bought a potion of heal wounds for 70 gold pieces
  3455 | Ossuary  | Entered an ossuary
  3614 | Ossuary  | Reached skill level 1 in Stealth
  3794 | D:6      | Found an opulent altar of Gozag.
  3840 | D:6      | Noticed Edmund
  3845 | D:6      | Killed Edmund
  3845 | D:6      | Reached skill level 9 in Dodging
  3845 | D:6      | Reached XP level 8. HP: 39/39 MP: 9/9
  3973 | D:7      | Gained mutation: You are clumsy. (Dex -2) [potion of mutation]
  3973 | D:7      | Gained mutation: Your system is resistant to poisons. [potion of mutation]
  3973 | D:7      | Gained mutation: You are occasionally teleported next to monsters. [potion of mutation]
  3974 | D:7      | Gained mutation: Your spells are a little harder to cast, but a little more powerful. [potion of mutation]
  3974 | D:7      | Gained mutation: You are dopey. (Int -2) [potion of mutation]
  3974 | D:7      | Gained mutation: Your magical capacity is low (-10% MP). [potion of mutation]
  3975 | D:7      | Lost mutation: You are dopey. (Int -2) [potion of mutation]
  3975 | D:7      | Gained mutation: Your body sometimes deteriorates upon taking damage. [potion of mutation]
  3975 | D:7      | Gained mutation: You are very clumsy. (Dex -4) [potion of mutation]
  4019 | D:7      | Lost mutation: Your system is resistant to poisons. [potion of cure mutation]
  4019 | D:7      | Lost mutation: Your body sometimes deteriorates upon taking damage. [potion of cure mutation]
  4019 | D:7      | Lost mutation: You are very clumsy. (Dex -4) [potion of cure mutation]
  4019 | D:7      | Lost mutation: You are clumsy. (Dex -2) [potion of cure mutation]
  4025 | D:7      | Found an ancient bone altar of Kikubaaqudgha.
  4066 | D:7      | Noticed Pikel
  4070 | D:7      | Reached ***** piety under Trog
  4086 | D:7      | HP: 1/39 [slave[Pikel] (4)]
  4087 | D:7      | Slain by an orc

Skill      XL: |  1  2  3  4  5  6  7  8 |
---------------+-------------------------+-----
Dodging        | 5 6 8 9 |  9.4
Unarmed Combat | 4 5 7 |  7.3
Fighting       | 4 6 |  6.9
Stealth        | 2 3 |  3.5

Action                   |  1- 3 |  4- 6 |  7- 9 || total
-------------------------+-------+-------+-------++-------
Melee: Unarmed           |    91 |   237 |   154 ||   482
       Bite              |    13 |    30 |    22 ||    65
       Punch             |     1 |     7 |     7 ||    15
Invok: Trog's Hand       |       |     2 |     3 ||     5
       Berserk           |       |       |     5 ||     5
  Use: Scroll            |       |     5 |     5 ||    10
       Potion            |       |       |     4 ||     4
 Stab: Sleeping          |     1 |     3 |     1 ||     5
  Eat: Chunk             |       |     6 |    10 ||    16
       Meat ration       |       |     1 |       ||     1
Armor: Skin              |     4 |     9 |     7 ||    20
Dodge: Dodged            |   116 |   206 |   135 ||   457
